 Dungeon Crawl Stone Soup version 0.25.0-10-g039870ee82 (webtiles) character file.

Game seed: 5415386937102662486

97 schauveau the Cudgeler (level 4, -6/29 HPs)
             Began as a Gargoyle Monk on June 22, 2020.
             Mangled by an ogre
             ... wielding a +0 giant spiked club
              (19 damage)
             ... on level 4 of the Dungeon.
             The game lasted 00:01:46 (820 turns).

schauveau the Cudgeler (Gargoyle Monk)               Turns: 820, Time: 00:01:46

Health: -6/29      AC: 10    Str: 16    XL:     4   Next: 68%
Magic:  4/4        EV: 10    Int: 10    God:
Gold:   13         SH:  0    Dex: 12    Spells: 3/3 levels left

rFire    . . .     SeeInvis .   a - +0 mace
rCold    . . .     Gourm    .   (no shield)
rNeg     + . .     Faith    .   g - +0 scale mail
rPois    ∞         Spirit   .   (no helmet)
rElec    +         Reflect  .   (no cloak)
rCorr    .         Harm     .   (no gloves)
MR       .....                  (no boots)
Stlth    +.........             (no amulet)
HPRegen  0.09/turn              (no ring)
MPRegen  0.09/turn              (no ring)

@: no status effects
A: negative energy resistance 1, electricity resistance, unbreathing,
petrification resistance, rot immunity, AC +3
a: no special abilities


You were on level 4 of the Dungeon.
You were not hungry.

You visited 1 branch of the dungeon, and saw 4 of its levels.

You collected 13 gold pieces.

Inventory:

Hand Weapons
 a - a +0 mace (weapon)
Armour
 g - a +0 scale mail (worn)
Wands
 i - a wand of disintegration (10)
Scrolls
 b - a scroll of teleportation {unknown}
 h - a scroll of fear {unknown}
Potions
 d - a potion of might {unknown}
 e - a potion of berserk rage {unknown}
 f - a potion of resistance {unknown}
Comestibles
 c - 2 rations


   Skills:
 + Level 4.0 Fighting
 * Level 4.3 Maces & Flails
 + Level 2.1 Armour
 - Level 2.4 Dodging
 - Level 2.1 Stealth


You had 3 spell levels left.
You didn't know any spells.
Your spell library was empty.

Dungeon Overview and Level Annotations

Branches:
Dungeon (4/15)
 Temple: D:4-7

Altars:


Innate Abilities, Weirdness & Mutations

You are resistant to torment.
Your stone body is resilient. (AC +3)
You are immune to poison.
You resist negative energy. (rN+)
You are resistant to electric shocks. (rElec)
You can survive without breathing.
You are immune to petrification.
You are immune to rotting.


Message History

You kill the worker ant!
Your Fighting skill increases to level 4!
Your Armour skill increases to level 2!
The orc barely misses you.
You barely miss the orc. The orc barely misses you.
You hit the orc.
The orc is almost dead.
The orc barely misses you.
You hit the orc but do no damage.
The orc is almost dead.
The orc hits you but does no damage.
You barely miss the orc.
The orc is almost dead.
The orc barely misses you.
You hit the orc.
You kill the orc!
There is a stone staircase leading up here.
The ogre hits you with a +0 giant spiked club!!
Ouch! That really hurt!
You die...

...........####.##
##......##..####...
#.........#..##..##
#......[..[...#.###
##(.................
#...................
#...............###.
#...............# #.
#..@O...........####
#................#
#................#
##.............#.#
##.....#....<##...
#.#.######### ##..
..... .. ....... ..


You could see an ogre.

Vanquished Creatures
  A hound (D:4)
  2 worker ants
  An adder (D:4)
  A worm (D:4)
  An orc (D:4)
  A hobgoblin (D:3)
  3 bats
  2 frilled lizards
  A rat (D:3)
13 creatures vanquished.

Notes
Turn   | Place    | Note
-------+----------+-------------------------------------------
     0 | D:1      | schauveau the Gargoyle Monk began the quest for the Orb.
     0 | D:1      | Reached XP level 1. HP: 14/14 MP: 1/1
   308 | D:4      | Noticed a worker ant
   327 | D:3      | Killed a worker ant
   327 | D:3      | Reached skill level 1 in Armour
   327 | D:3      | Reached XP level 2. HP: 4/19 MP: 2/2
   327 | D:3      | Reached XP level 3. HP: 5/23 MP: 3/3
   727 | D:4      | Noticed an ogre
   755 | D:4      | Reached XP level 4. HP: 11/29 MP: 4/4
   820 | D:4      | Mangled by an ogre

Illustrated notes

Levels and vault maps discovered:
D:1:      lemuel_arrival_muddy, layout_loops_cross
D:2:      layout_basic, lemuel_doored_altar, grunt_temple_overflow_open,
          chequers_ecumenical_altar_twisty, trog_hazing_becter, uniq_terence,
          uniq_jessica
D:3:      layout_basic, grunt_temple_overflow_order_and_chaos_2,
          old_standard_altar, nemelex_xobeh_ov_fountains_minmay, first_ration,
          columned_hall_lemuel
D:4:      layout_rooms, minmay_temple_entry_sparse_star, serial_shops, shop,
          uniq_duvessa

Skill      XL: |  1  2  3  4 |
---------------+-------------+-----
Armour         | 1 2 |  2.1
Maces & Flails | 4 |  4.3
Fighting       | 4 |  4.0
Dodging        | |  2.4
Stealth        | |  2.1

Action                   |  1- 3 |  4- 6 || total
-------------------------+-------+-------++-------
Melee: Mace              |    62 |    12 ||    74
 Stab: Sleeping          |     1 |       ||     1
Armor: Scale mail        |    35 |     5 ||    40
       Robe              |    12 |       ||    12
Dodge: Dodged            |    63 |     7 ||    70
